 Dungeon Crawl Stone Soup version 0.29.1-12-g30fa7ad0bf (webtiles) character file.

Game seed: 1511716812355993326

389 sanboga the Ruffian (level 6, 0/56 HPs)
             Began as a Minotaur Monk on Dec 24, 2022.
             Slain by a gnoll
             ... wielding a +0 halberd
             ... led by a gnoll bouda
              (1 damage)
             ... on level 4 of the Dungeon.
             The game lasted 00:04:05 (4218 turns).

sanboga the Ruffian (Minotaur Monk)                 Turns: 4218, Time: 00:04:06

Health: 0/56       AC:  9    Str: 17    XL:     6   Next: 49%
Magic:  5/5        EV: 11    Int:  7    God:
Gold:   308        SH:  0    Dex: 13    Spells: 5/5 levels left

rFire   . . .      SeeInvis .     - Unarmed
rCold   . . .      Faith    .   (no shield)
rNeg    . . .      Spirit   .   h - +3 scale mail
rPois   .          Reflect  .   (helmet restricted)
rElec   .          Harm     .   (no cloak)
rCorr   .          Rampage  .   (no gloves)
Will    .....                   (no boots)
Stlth   ..........              (no amulet)
HPRegen 0.18/turn               (no ring)
MPRegen 0.09/turn               (no ring)

@: no status effects
A: horns 2, retaliatory headbutt
a: no special abilities


You were on level 4 of the Dungeon.
You visited 1 branch of the dungeon, and saw 4 of its levels.
You also visited: Sewer.

You collected 308 gold pieces.

Inventory:

Armour
 h - a +3 scale mail (worn)
Scrolls
 a - 3 scrolls of butterflies {unknown}
 f - 2 scrolls of vulnerability {unknown}
 i - a scroll of brand weapon {unknown}
 j - 3 scrolls of identify {unknown}
 m - a scroll of torment {unknown}
 n - a scroll of summoning {unknown}
 o - 3 scrolls of fear {unknown}
 p - a scroll of poison {unknown}
 q - 2 scrolls of enchant weapon {unknown}
 r - a scroll of enchant armour {unknown}
 s - a scroll of blinking {unknown}
Potions
 b - a potion of ambrosia
 c - 3 potions of brilliance {unknown}
 d - 2 potions of cancellation {unknown}
 e - 5 potions of curing {unknown}
 g - 7 potions of flight
 k - 2 potions of heal wounds {unknown}
 l - 5 potions of mutation


   Skills:
 + Level 5.1 Fighting
 + Level 3.2 Armour
 + Level 4.7 Dodging
 - Level 1.5 Stealth
 * Level 5.6 Unarmed Combat


You had 5 spell levels left.
You didn't know any spells.
Your spell library contained the following spells:

 Spells                   Type           Power      Damage    Failure   Level
 Inner Flame              Hex/Fire       0%         N/A       99%         3
 Summon Guardian Golem    Hex/Summ       0%         N/A       99%         3
 Cause Fear               Hex            0%         N/A       100%        4
 Manifold Assault         Tloc           0%         N/A       100%        5
 Haunt                    Necr/Summ      0%         N/A       100%        7
 Discord                  Hex            0%         N/A       100%        8


Dungeon Overview and Level Annotations

Branches:
Dungeon (4/15)              Sewer (visited)
 Temple: D:4-7

Altars:

Annotations:
D:4 Menkaure


Innate Abilities, Weirdness & Mutations

You have a pair of horns on your head.
You reflexively headbutt those who attack you in melee.


Message History

The gnoll hits you from afar with a +0 halberd!
The gnoll bouda hits you with a +0 whip!
You punch the gnoll bouda!
The gnoll bouda is heavily wounded.
The gnoll closely misses you.
The gnoll hits you but does no damage. x2
The gnoll closely misses you. The gnoll bouda barely misses you.
You hit the gnoll bouda.
You headbutt the gnoll bouda, but do no damage.
The gnoll bouda is heavily wounded.
The gnoll barely misses you. You furiously retaliate!
You headbutt the gnoll. The gnoll hits you with a +0 flail!
Menkaure casts a spell at you. Pain shoots through your body!
* * * LOW HITPOINT WARNING * * *
The gnoll hits you from afar with a +0 spear.
* * * LOW HITPOINT WARNING * * *
The gnoll closely misses you.
The gnoll bouda hits you with a +0 whip.
* * * LOW HITPOINT WARNING * * *
You are too injured to fight recklessly!
You are too injured to fight recklessly!
You are too injured to fight recklessly!
The gnoll hits you but does no damage.
The gnoll hits you from afar with a +0 spear.
* * * LOW HITPOINT WARNING * * *
The gnoll barely misses you. The gnoll bouda misses you.
The gnoll hits you with a +0 club.
* * * LOW HITPOINT WARNING * * *
You hit Menkaure.
Menkaure is lightly damaged.
Your attacks no longer feel as feeble.
The gnoll hits you but does no damage. The gnoll barely misses you.
The gnoll hits you but does no damage. Menkaure hits you but does no damage.
The gnoll bouda closely misses you.
You hit Menkaure.
Menkaure is moderately damaged.
The gnoll barely misses you. You furiously retaliate!
You headbutt the gnoll. The gnoll closely misses you.
The gnoll hits you but does no damage. The gnoll hits you with a +0 halberd.
You die...

≈≈.≈≈≈###...##### #.#
##.# ........#...#... .#
#.# ##.#.
≈≈.≈≈≈#.##.##.# .# #.#
##.###
##.##≈.....†..###.##
#.#####.## # #≈
#≈........#.?..
#........### #
#≈(.......#.#.#
.#########.#.
#≈..........#g#...##
##.#
#≈..##.....gg......# ###
≈≈≈≈≈.......##g@.......
............###.Mg>.....
##.##.####.## #.........
... #. #.# #...?..... .#
#. ... #.#....... #.
..... #....$...# #..
#.......## #. #.##.#


You could see Menkaure, a gnoll bouda and 4 gnolls.

Vanquished Creatures
  An iguana (D:4)
  An orc wizard (D:3)
  4 gnolls (D:4)
  13 adders
  3 river rats (Sewer)
  7 worms
  4 dart slugs
  7 orcs (D:3)
  11 bats
  6 endoplasms
  7 giant cockroaches
  8 goblins
  7 hobgoblins
  10 jackals
  7 kobolds
  12 quokkas
  6 ball pythons
  6 frilled lizards
  6 rats
126 creatures vanquished.

Vanquished Creatures (others)
  3 plants (D:2)
3 creatures vanquished.

Grand Total: 129 creatures vanquished

Notes
Turn   | Place    | Note
-------+----------+-------------------------------------------
     0 | D:1      | sanboga the Minotaur Monk began the quest for the Orb.
     0 | D:1      | Reached XP level 1. HP: 19/19 MP: 0/0
   158 | D:1      | Reached XP level 2. HP: 27/27 MP: 1/1
   268 | D:1      | Reached skill level 1 in Armour
   367 | D:1      | Found a faded altar of an unknown god.
   846 | D:2      | Reached XP level 3. HP: 16/33 MP: 2/2
  1649 | D:2      | Reached XP level 4. HP: 36/40 MP: 3/3
  2013 | D:3      | Found a glowing drain.
  2033 | Sewer    | Entered a sewer
  2319 | Sewer    | Reached XP level 5. HP: 45/47 MP: 4/4
  2493 | Sewer    | Reached skill level 5 in Unarmed Combat
  3070 | D:3      | Reached XP level 6. HP: 55/55 MP: 5/5
  3142 | D:3      | Identified the +2 rapier "Righuet" {flame, rF++ Will+
                  | Str+2}
  3715 | D:4      | Reached skill level 5 in Fighting
  4193 | D:4      | Got the Tome of the Quantum Gathering
  4209 | D:4      | Noticed Menkaure
  4216 | D:4      | HP: 1/56 [gnoll/+0 club[a gnoll bouda] (2)]
  4218 | D:4      | Slain by a gnoll

Illustrated notes

Levels and vault maps discovered:
D:1:      eino_arrival_water_star, layout_basic, ebering_ecumenical_altar_hall,
          corexii_item_surrounded_by_moat, st_stairs_2
D:2:      layout_loops_ring, corexii_shack
D:3:      layout_basic, portal_sewer_entry_f, minmay_fountain_box,
          moated_statue, serial_bayou_pond_e, chequers_serial_rivers_small_b,
          minmay_ruptured
D:4:      layout_loops_cross, nicolae_overflow_two_pavilions,
          dreamdust_princess_corridor, uniq_menkaure

Skill      XL: |  1  2  3  4  5  6 |
---------------+-------------------+-----
Armour         | 1 2 3 |  3.2
Fighting       | 4 5 |  5.1
Unarmed Combat | 4 5 |  5.6
Dodging        | 4 |  4.7
Stealth        | |  1.5

Action                   |  1- 3 |  4- 6 || total
-------------------------+-------+-------++-------
Melee: Unarmed           |   103 |   194 ||   297
       Headbutt          |    15 |    36 ||    51
       Punch             |     2 |     2 ||     4
  Use: Scroll            |       |     1 ||     1
 Stab: Sleeping          |     3 |       ||     3
Armor: Robe              |     8 |       ||     8
       Scale mail        |    12 |   103 ||   115
Dodge: Dodged            |    56 |   142 ||   198
